 Dungeon Crawl Stone Soup version 0.29.1-15-g9cfb28693d (webtiles) character file.

Game seed: 5024180873459082294

1355 javelincjr the Magician (level 8, -13/59 HPs)
             Began as a Djinni Conjurer on Mar 10, 2023.
             Was an Initiate of Qazlal.
             Shot with a bolt by an orc warrior (19 damage)
             ... on level 6 of the Dungeon.
             The game lasted 00:23:01 (6758 turns).

javelincjr the Magician (Djinni Conjurer)           Turns: 6758, Time: 00:23:01

Health: -13/59     AC:  6    Str:  5    XL:     8   Next: 95%
Gold:   235        EV: 13    Int: 20    God:    Qazlal [......] SH:  0 Dex: 12

rFire   + + +      SeeInvis +   g - +3 spear
rCold   + . .      Faith    +   (no shield)
rNeg    . . .      Spirit   .   a - +0 robe
rPois   ∞          Reflect  .   (no helmet)
rElec   .          Harm     .   o - scarf {rC+ rF+}
rCorr   .          Rampage  .   (no gloves)
Will    .....                   (boots unavailable)
Stlth   ++........              f - amulet of faith
HPRegen 0.19/turn               c - ring of Vamaemm Mush {rC+ Str-3 Slay+5 SInv}
MPRegen 0.00/turn               p - +4 ring of protection

@: flying
A: sickness immunity, fire resistance 2, cold vulnerability 1, float, innate
caster, HP casting, extra vitality 1
a: Renounce Religion


You were on level 6 of the Dungeon.
You worshipped Qazlal.
Qazlal was noncommittal.
You visited 2 branches of the dungeon, and saw 7 of its levels.
You also visited: Ossuary.

You collected 235 gold pieces.

Inventory:

Hand Weapons
 g - a +3 spear (weapon)
Armour
 a - a +0 robe (worn)
 o - a scarf of resistance (worn)
 z - a +2 ring mail of positive energy
 I - a +0 tower shield
Jewellery
 c - the ring of Vamaemm Mush (left hand) {rC+ Str-3 Slay+5 SInv}
   (You acquired it in the Ecumenical Temple)

   [ring of protection from cold]

   Str:       It affects your strength (-3).
   Slay:      It affects your accuracy & damage with ranged weapons and melee
   (+5).
   rC:        It protects you from cold.
   SInv:      It lets you see invisible.
 f - an amulet of faith (around neck)
 p - a +4 ring of protection (right hand)
 s - an amulet of reflection
Scrolls
 r - 2 scrolls of enchant armour
 x - 2 scrolls of teleportation
 y - a scroll of fear {unknown}
 D - a scroll of immolation {unknown}
 F - a scroll of butterflies {unknown}
 G - a scroll of poison {unknown}
Potions
 b - a potion of berserk rage {unknown}
 e - a potion of haste {unknown}
 i - a potion of degeneration {unknown}
 j - a potion of heal wounds {unknown}
 l - 2 potions of ambrosia
 n - 2 potions of cancellation {unknown}
 q - 2 potions of curing
 v - 2 potions of lignification {unknown}
 w - a potion of brilliance {unknown}
 B - a potion of resistance {unknown}
 C - 2 potions of might {unknown}
 E - 2 potions of flight {unknown}
 H - a potion of mutation {unknown}


   Skills:
 * Level 5.0 Fighting
 + Level 3.4 Armour
 + Level 4.9 Dodging
 + Level 3.9 Stealth
 + Level 1.0 Shields
 * Level 5.3 Spellcasting


You couldn't memorise any spells.
You knew the following spells:

 Your Spells              Type           Power      Damage    Failure   Level
a - Magic Dart            Conj           100%       1d8       1%          1
b - Searing Ray           Conj           52%        2d6       1%          2
c - Dazzling Flash        Conj/Hex       52%        N/A       3%          3
d - Fulminant Prism       Conj/Hex       13%        3d9       13%         4
e - Iskenderun's Mystic   Conj/Tloc      26%        2d7       13%         4
f - Necrotise             Necr           100%       1d9       1%          1
g - Static Discharge      Conj/Air       26%        3-7/arc   1%          2
h - Ozocubu's Armour      Ice            26%        N/A       3%          3
Your spell library was empty.

Dungeon Overview and Level Annotations

Branches:
Dungeon (6/15)             Temple (1/1) D:5         Ossuary (visited)

Altars:
Ashenzari
Dithmenos
Fedhas
Gozag
Okawaru
Qazlal
Ru
Trog
Uskayaw
Wu Jian
Xom
Yredelemnul
Zin
The Shining One


Innate Abilities, Weirdness & Mutations

You are immune to sickness and miasma.
You are immune to poison.
Your flesh is very heat resistant. (rF++)
You are vulnerable to cold. (rC-)
You float through the air rather than walking.
You learn spells naturally, not from books.
Your magical power is your life essence.
You have superior vitality. (+4 MHP)


Message History

The searing ray hits the orc wizard.
You kill the orc wizard!
Qazlal accepts your kill.
The searing ray hits the orc warrior.
The orc warrior is lightly wounded.
The orc warrior shoots a bolt.
The bolt hits you!!
* * * LOW HITPOINT WARNING * * *
Your Shields skill increases to level 1!
The searing ray hits the orc warrior but does no damage.
The orc warrior is lightly wounded.
* * * LOW HITPOINT WARNING * * *
You feel better.
The orc warrior shoots a bolt.
The bolt hits you!
* * * LOW HITPOINT WARNING * * *
Casting: Searing Ray (safe; 1% risk of failure)
Confirm with . or Enter, or press ? or * to list all spells.
Aiming: Fulminant Prism (dangerous; 13% risk of failure)
Press: ? - help, Dir - move target, p - orc warrior You conjure a prism of explosive energy!
* * * LOW HITPOINT WARNING * * *
A fulminant prism comes into view.
The orc warrior shoots a bolt.
The bolt misses you.
You feel better.
The orc warrior shoots a bolt.
The bolt hits you.
* * * LOW HITPOINT WARNING * * *
Your fulminant prism crackles loudly.
The orc warrior shoots a bolt.
The bolt misses you.
Your fulminant prism explodes!
The blast of energy engulfs the orc warrior!
The orc warrior is severely wounded.
You hear a shout! x3; You hear an angry hiss.
Casting: Fulminant Prism (dangerous; 13% risk of failure)
Confirm with . or Enter, or press ? or * to list all spells.
Aiming: Searing Ray (safe; 1% risk of failure)
Press: ? - help, Shift-Dir - straight line, f - orc warrior
Aim: an orc warrior, wielding a +0 arbalest and wearing a +0 chain mail (severely wounded, 77% to hit)
The searing ray hits the orc warrior.
The orc warrior is severely wounded. (Press . to maintain the ray.)
* * * LOW HITPOINT WARNING * * *
The orc warrior shoots a bolt.
The bolt hits you!!
You die...

#. .. ##.
).
.#####.
......)##
......)o#
...#..#<#
......$@#
######.$#
#$.# ....
##.## #.
#. #.


You could see an orc warrior.

Vanquished Creatures
  2 ogres
  A phantom (D:4)
  A necrophage (D:5)
  2 scorpions (D:5)
  6 water moccasin zombies (Ossuary)
  A jelly (D:4)
  An orc priest (D:5)
  4 hounds
  4 iguanas
  2 orc wizards (D:6)
  3 mummies
  3 adders
  8 gnolls
  An ufetubus (D:5)
  3 adder zombies (Ossuary)
  2 dart slugs (D:3)
  11 orcs
  10 endoplasms
  A giant cockroach (D:3)
  7 goblins
  15 hobgoblins
  2 jackals (D:4)
  4 quokkas
  4 ball pythons
  8 bats
  3 frilled lizards
  5 gnoll zombies (Ossuary)
  7 hobgoblin zombies (Ossuary)
  7 kobolds
  7 kobold zombies (Ossuary)
  2 orc zombies (Ossuary)
  5 rats
142 creatures vanquished.

Vanquished Creatures (others)
  An orc wizard (D:6)
  5 demonic plants (D:2)
  16 fulminant prisms
  2 fungi (D:2)
  2 plants (D:2)
  2 withered plants (D:2)
28 creatures vanquished.

Grand Total: 170 creatures vanquished

Notes
Turn   | Place    | Note
-------+----------+-------------------------------------------
     0 | D:1      | javelincjr the Djinni Conjurer began the quest for the Orb.
     0 | D:1      | javelincjr set off with the following spells memorised:
                  | Magic Dart, Searing Ray, Dazzling Flash, Fulminant Prism,
                  | Iskenderun's Mystic Blast.
     0 | D:1      | Reached XP level 1. HP: 15/15 MP: 0/0
   174 | D:1      | Reached XP level 2. HP: 7/21 MP: 0/0
   797 | D:1      | Reached XP level 3. HP: 24/25 MP: 0/0
   797 | D:1      | Learned a level 1 spell: Necrotise
  1743 | D:2      | Reached XP level 4. HP: 28/31 MP: 0/0
  1847 | D:2      | Found a faded altar of an unknown god.
  2213 | D:2      | Reached skill level 1 in Fighting
  2675 | D:3      | Reached XP level 5. HP: 24/37 MP: 0/0
  2675 | D:3      | Learned a level 2 spell: Static Discharge
  2708 | D:3      | Reached skill level 1 in Armour
  3039 | D:3      | Found a shimmering altar of Xom.
  3317 | D:3      | Found a glowing golden altar of the Shining One.
  3601 | D:4      | Noticed a phantom
  3614 | D:4      | Killed a phantom
  3615 | D:4      | Reached XP level 6. HP: 8/45 MP: 0/0
  3726 | D:4      | Noticed an ogre
  3751 | D:4      | Killed an ogre
  3770 | D:4      | Found a shadowy altar of Dithmenos.
  3813 | D:4      | Found a sand-covered staircase.
  3817 | D:4      | Reached XP level 7. HP: 15/49 MP: 0/0
  3817 | D:4      | Learned a level 3 spell: Ozocubu's Armour
  3822 | Ossuary  | Entered an ossuary
  4762 | Ossuary  | Reached XP level 8. HP: 50/58 MP: 0/0
  5262 | D:5      | Entered Level 5 of the Dungeon
  5466 | D:5      | Reached skill level 5 in Spellcasting
  6090 | D:5      | Found a staircase to the Ecumenical Temple.
  6100 | Temple   | Entered the Ecumenical Temple
  6263 | Temple   | Identified a scroll of acquirement
  6265 | Temple   | Acquired the ring of Vamaemm Mush {rC+ Str-3 Slay+5 SInv}
  6284 | Temple   | Became a worshipper of Qazlal Stormbringer
  6751 | D:6      | Reached skill level 5 in Fighting
  6753 | D:6      | Reached skill level 1 in Shields
  6758 | D:6      | Shot with a bolt by an orc warrior

Illustrated notes

Levels and vault maps discovered:
D:1:      lightli_iron_boxes, layout_loops_corners, amcnicky_mini_pool_small,
          grunt_decor_mini_mirrors, moated_statue
D:2:      layout_rooms, shapermc_ecumenical_altar_gd, grunt_decor_resistance
D:3:      layout_basic, lemuel_crystal_altar, nicolae_tso_carved_into_rock
D:4:      layout_cave_pools, nicolae_dithmenos_the_darkroom,
          gup_ossuary_entry_pyramid, kennysheep_boxes
D:5:      layout_basic, minmay_temple_entry_stoned_glass
D:6:      layout_rooms, chei_slow_surprise, serial_shops, shop_statue,
          minmay_misc_feat_rows, kennysheep_generic_room_8
Temple:   hellmonk_temple_forest_ring

Skill      XL: |  1  2  3  4  5  6  7  8 |
---------------+-------------------------+-----
Stealth        | 2 3 |  3.9
Dodging        | 3 4 |  4.9
Fighting       | 1 2 3 5 |  5.0
Armour         | 1 2 3 |  3.4
Spellcasting   | 4 5 |  5.3
Shields        | 1 |  1.0

Action                   |  1- 3 |  4- 6 |  7- 9 || total
-------------------------+-------+-------+-------++-------
Melee: Spear             |     6 |     7 |    53 ||    66
       Dagger            |     3 |       |       ||     3
 Cast: Magic Dart        |    66 |    84 |    35 ||   185
       Searing Ray       |       |     9 |    19 ||    28
       Fulminant Prism   |       |     1 |    15 ||    16
       Iskenderun's Myst |       |       |     7 ||     7
  Use: Scroll            |       |       |     5 ||     5
       Potion            |       |       |     5 ||     5
Armor: Robe              |     1 |     1 |    20 ||    22
Dodge: Dodged            |    11 |     7 |    44 ||    62
Block: Other             |       |     2 |    14 ||    16
